[Event "fics rated crazyhouse match"]
[Site "fics, Oklahoma City, OK USA"]
[Date "2000.01.22"]
[White "Igy"]
[WhiteElo "2256"]
[Black "Ephemera"]
[BlackElo "2191"]
[TimeControl "60+0"]
[Result "1-0"]

1. e4 e5 2. Nf3 Bc5 3. Bc4 Nc6 4. O-O Nf6 5. d3 d6 6. h3 
O-O 7. Bg5 Be6 8. Bxe6 fxe6 9. B@b3 B@f7 10. Nc3 Kh8 11. Bh4 Nd4 
12. Nxd4 exd4 13. Ne2 e5 14. Bxf7 Rxf7 15. B@b3 Rf8 16. N@e6 Qe7 17. Ng3 
B@g6 18. Nxf8 Rxf8 19. R@e6 Qd7 20. Bxf6 gxf6 21. Nf5 B@g7 22. Re7 Bxf5 
23. Rxd7 Bxd7 24. N@h5 R@g6 25. Kh1 N@f4 26. Nxf4 exf4 27. N@e7 Rg5 28. Qf3 
f5 29. Qxf4 Bh6 30. exf5 Bxf5 31. Nxf5 Rfxf5 32. Q@g8# 
{Ephemera forfeits on time} 1-0

[Event "fics rated crazyhouse match"]
[Site "fics, Oklahoma City, OK USA"]
[Date "2000.01.22"]
[White "Ephemera"]
[WhiteElo "2184"]
[Black "Igy"]
[BlackElo "2263"]
[TimeControl "60+0"]
[Result "1-0"]

1. e4 e6 2. d4 Nc6 3. Nc3 Nf6 4. d5 exd5 5. exd5 Ne5 6. Nf3 
Nxf3+ 7. Qxf3 Bc5 8. Bd3 d6 9. N@g5 Bg4 10. Qg3 N@h5 11. Qh4 h6 
12. Nxf7 Kxf7 13. P@e6+ Ke7 14. Bg6 P@g5 15. Qxh5 Bxh5 16. N@f5+ Kf8 17. P@e7+ 
Qxe7 18. Nxe7 Bxf2+ 19. Kf1 P@e2+ 20. Kxf2 N@e4+ 21. Ke3 P@d4+ 22. Kd3 Nc5+ 
23. Kc4 b5+ 24. Nxb5 Q@a4+ 25. b4 Bxg6 26. Nxg6+ Kg8 27. P@f7+ Kh7 28. Nf8+ 
Rhxf8 29. B@g6+ Kxg6 30. B@f5+ Kxf5 31. g4+ Kg6 32. Q@f5# 
{Igy checkmated} 1-0

[Event "fics rated crazyhouse match"]
[Site "fics, Oklahoma City, OK USA"]
[Date "2000.01.22"]
[White "Igy"]
[WhiteElo "2253"]
[Black "Ephemera"]
[BlackElo "2194"]
[TimeControl "60+0"]
[Result "1-0"]

1. e4 e5 2. Nc3 Bc5 3. Nf3 Nc6 4. Bc4 d6 5. O-O Nf6 6. d3 
Bg4 7. h3 Bxf3 8. Qxf3 Nd4 9. Qd1 O-O 10. B@h4 c6 11. Bcg5 Kh8 
12. Bxf6 gxf6 13. N@h5 B@g7 14. Ne2 Nxe2+ 15. Qxe2 N@d4 16. Qg4 Rg8 17. Nxg7 
Rxg7 18. Qh5 N@f3+ 19. Kh1 Nxh4 20. Qxh4 B@g5 21. Qh5 N@f4 22. Qd1 Nxg2 
23. B@g4 Nh4 24. N@e1 Ndf3 25. Nxf3 Nxf3 26. Qxf3 N@h4 27. Qe2 P@g2+ 28. Kh2 
gxf1=Q 29. Rxf1 Bd4 30. P@g2 Nxg2 31. N@h5 Nh4 32. Rg1 P@g6 33. Nxg7 Kxg7 
34. R@g3 R@f4 35. N@f3 Nxf3+ 36. Bxf3 Rxf3 37. Qxf3 Bf4 38. N@f5# 
{Ephemera forfeits on time} 1-0

[Event "fics rated crazyhouse match"]
[Site "fics, Oklahoma City, OK USA"]
[Date "2000.01.22"]
[White "Ephemera"]
[WhiteElo "2187"]
[Black "Igy"]
[BlackElo "2260"]
[TimeControl "180+0"]
[Result "1-0"]

1. e4 Nf6 2. Nc3 d5 3. exd5 Nxd5 4. Nf3 Nc6 5. Bb5 Bg4 6. h3 
Bxf3 7. Qxf3 e6 8. Nxd5 exd5 9. d4 Bb4+ 10. P@c3 Qe7+ 11. B@e5 N@h4 
12. Qg3 Nf5 13. Qf4 N@h4 14. O-O P@d6 15. Bxg7 Nxg7 16. P@f6 Ne6 17. Qxh4 
Qd7 18. N@g7+ Kd8 19. cxb4 a6 20. Bxc6 bxc6 21. B@b7 Ra7 22. Bxc6 Qxc6 
23. P@e7+ Kc8 24. e8=Q+ Rxe8 25. Nxe8 Qxe8 26. N@e7+ Kb8 27. N@c6+ Ka8 28. Nxa7 
Kxa7 29. R@c8 B@b7 30. Rxe8 N@c6 31. Nxc6+ Bxc6 32. Q@b8# 
{Igy checkmated} 1-0

[Event "fics rated crazyhouse match"]
[Site "fics, Oklahoma City, OK USA"]
[Date "2001.01.22"]
[White "dagger"]
[WhiteElo "2164"]
[Black "Blechkiste"]
[BlackElo "2500"]
[TimeControl "300+0"]
[Result "0-1"]

1. e4 e6 2. d4 d6 3. Nc3 Nf6 4. Nf3 Be7 5. Bd3 Nc6 6. d5 
exd5 7. exd5 Nb4 8. P@h6 Rg8 9. Bg5 gxh6 10. Bxf6 Bxf6 11. Rg1 Qe7+ 
12. Qe2 Bxc3+ 13. bxc3 Nxd3+ 14. cxd3 Qxe2+ 15. Kxe2 N@f4+ 16. Ke3 Q@e2+ 17. Kxf4 
Rg4# 
{dagger checkmated} 0-1

[Event "fics rated crazyhouse match"]
[Site "fics, Oklahoma City, OK USA"]
[Date "2001.01.22"]
[White "Blechkiste"]
[WhiteElo "2502"]
[Black "dagger"]
[BlackElo "2162"]
[TimeControl "300+0"]
[Result "1-0"]

1. e4 Nf6 2. Nc3 d5 3. exd5 Nxd5 4. Nf3 e6 5. d4 Nc6 6. Ne4 
Ndb4 7. a3 Nxd4 8. axb4 Bxb4+ 9. P@c3 Nxf3+ 10. gxf3 Qxd1+ 11. Kxd1 N@e5 
12. cxb4 Nxf3 13. Bb5+ P@c6 14. Q@g4 Q@d5+ 15. Bd3 P@e2+ 16. Kxe2 Nd4+ 17. Ke1 
P@g6 18. N@f6+ gxf6 19. Nxf6+ Kd8 20. P@e7+ Kxe7 21. Nxd5+ exd5 22. Q@e5+ N@e6 
23. Bg5+ Kd7 24. B@e8+ Rxe8 25. N@c5# 
{dagger checkmated} 1-0

[Event "fics rated crazyhouse match"]
[Site "fics, Oklahoma City, OK USA"]
[Date "2001.01.22"]
[White "pminear"]
[WhiteElo "2519"]
[Black "SuperGrover"]
[BlackElo "2280"]
[TimeControl "60+0"]
[Result "1-0"]

1. e4 Nc6 2. Nc3 e6 3. d4 Nf6 4. e5 Nd5 5. Nxd5 exd5 6. Nf3 
d6 7. Bb5 Bg4 8. N@b4 Qd7 9. Nxd5 Bxf3 10. Qxf3 a6 11. Bxc6 bxc6 
12. N@f6+ Kd8 13. Nxd7 N@h4 14. B@g5+ B@e7 15. Bxh4 Bxh4 16. P@b7 
{SuperGrover resigns} 1-0

[Event "fics rated crazyhouse match"]
[Site "fics, Oklahoma City, OK USA"]
[Date "2001.01.22"]
[White "SuperGrover"]
[WhiteElo "2269"]
[Black "pminear"]
[BlackElo "2522"]
[TimeControl "60+0"]
[Result "0-1"]

1. Nf3 d5 2. Nc3 d4 3. Ne4 Nc6 4. e3 e5 5. Bb5 Bg4 6. O-O 
Nf6 7. Ng3 e4 8. Nxe4 Nxe4 9. exd4 N@h4 10. P@e2 Nxg2 11. Kxg2 Bxf3+ 
12. exf3 N@f4+ 13. Kg1 Qg5+ 14. P@g3 Qxb5 15. B@d3 Nxd3 16. cxd3 B@h3 17. Re1 
Qxd3 18. Rxe4+ Qxe4 19. fxe4 P@g2 
{SuperGrover forfeits on time} 0-1

[Event "fics rated crazyhouse match"]
[Site "fics, Oklahoma City, OK USA"]
[Date "2001.01.22"]
[White "pminear"]
[WhiteElo "2525"]
[Black "SuperGrover"]
[BlackElo "2259"]
[TimeControl "60+0"]
[Result "1-0"]

1. e4 Nc6 2. Nc3 Nf6 3. d4 d5 4. exd5 Nxd5 5. Nf3 Bg4 6. Be2 
e6 7. O-O Bb4 8. Nxd5 exd5 9. N@e5 Nxe5 10. Nxe5 Bxe2 11. Qxe2 O-O 
12. P@h6 B@f6 13. N@g4 N@f5 14. Nxf6+ Qxf6 15. B@g5 Nxd4 16. Qg4 N@e2+ 17. Kh1 
Qf5 18. hxg7 f6 19. Qxf5 Nxf5 
{SuperGrover resigns} 1-0

[Event "fics rated crazyhouse match"]
[Site "fics, Oklahoma City, OK USA"]
[Date "2001.01.22"]
[White "SuperGrover"]
[WhiteElo "2250"]
[Black "pminear"]
[BlackElo "2528"]
[TimeControl "60+0"]
[Result "0-1"]

1. Nf3 Nc6 2. Nc3 e5 3. e4 Bc5 4. Bc4 Nf6 5. Bxf7+ Kxf7 6. O-O 
d6 7. d3 Kf8 8. P@f5 B@f4 9. Bxf4 exf4 10. Nd5 Nxd5 11. exd5 Bxf5 
12. dxc6 bxc6 13. B@e4 Bxe4 14. dxe4 B@g4 15. N@f5 B@e6 16. B@h3 Bxh3 17. gxh3 
B@h5 18. N@g5 P@f7 19. B@g2 Bxf3 20. Nxf3 Bxf5 21. exf5 P@g3 22. B@d4 Bxd4 
23. Qxd4 N@e2+ 24. Kh1 Nxd4 25. Nxd4 B@d5 26. B@f3 Bc4 27. b3 gxf2 28. N@e6+ 
Bxe6 29. Nxe6+ fxe6 30. fxe6 N@f5 31. P@g3 fxg3 32. B@g4 Qe7 33. Bxf5 gxh2 
34. Kxh2 P@g3+ 35. Kxg3 N@e2+ 36. Kxf2 N@h5 37. Kxe2 Q@e3+ 38. Kxe3 N@d5+ 39. Kd2 
P@e3# 
{SuperGrover forfeits on time} 0-1

[Event "fics rated crazyhouse match"]
[Site "fics, Oklahoma City, OK USA"]
[Date "2001.01.22"]
[White "pminear"]
[WhiteElo "2531"]
[Black "SuperGrover"]
[BlackElo "2242"]
[TimeControl "60+0"]
[Result "1-0"]

1. e4 Nc6 2. Nc3 Nf6 3. Nf3 d5 4. e5 Ng4 5. d4 Bf5 6. Bb5 
a6 7. Bxc6+ bxc6 8. O-O e6 9. N@e3 Be7 10. Nxf5 exf5 11. B@h3 B@e4 
12. Nxe4 dxe4 13. Ne1 N@e6 14. Bxg4 fxg4 15. Qxg4 B@g6 16. P@f5 h5 17. Qxe4 
Qxd4 18. Qxd4 Nxd4 19. P@d7+ Kxd7 20. e6+ Ke8 21. Q@d7+ Kf8 22. Be3 P@e2 
23. B@d3 exf1=Q+ 24. Bxf1 N@e2+ 25. Bxe2 Nxe2+ 26. Kf1 P@h3 27. Kxe2 B@b5+ 28. P@d3 
hxg2 29. exf7 Q@g4+ 30. P@f3 Bxf7 31. N@e6+ Kg8 32. N@g6 Qxf3+ 33. Kxf3 R@g4 
34. Ke2 Kh7 35. Kd2 Bxg6 36. fxg6# 
{SuperGrover forfeits on time} 1-0

[Event "fics rated crazyhouse match"]
[Site "fics, Oklahoma City, OK USA"]
[Date "2001.01.22"]
[White "SuperGrover"]
[WhiteElo "2234"]
[Black "pminear"]
[BlackElo "2534"]
[TimeControl "60+0"]
[Result "0-1"]

1. Nf3 Nc6 2. Nc3 e5 3. e4 Bc5 4. Bc4 Nf6 5. Bxf7+ Kxf7 6. O-O 
Kf8 7. d3 B@h5 8. Be3 Be7 9. Nd5 d6 10. Nxe7 Qxe7 11. B@e2 Bcg4 
12. P@h3 Bxf3 13. Bxf3 Bxf3 14. Qxf3 N@d4 15. Qd1 B@e2 16. Qd2 N@f3+ 17. Kh1 
Nxd2 18. Bxd2 Bxf1 19. Rxf1 Q@e2 20. Re1 Qxd2 21. B@c3 Qxf2 22. B@g3 R@f1+ 
23. Rxf1 Qxf1+ 24. R@g1 Qxg1+ 25. Kxg1 B@e3+ 26. B@f2 Ne2+ 27. Kf1 Nxg3+ 28. hxg3 
Bxf2 29. Kxf2 B@d4+ 30. Bxd4 Nxd4 31. B@b3 R@e2+ 32. Kf1 R@e1# 
{SuperGrover checkmated} 0-1

[Event "fics rated crazyhouse match"]
[Site "fics, Oklahoma City, OK USA"]
[Date "2001.01.22"]
[White "pminear"]
[WhiteElo "2537"]
[Black "SuperGrover"]
[BlackElo "2227"]
[TimeControl "60+0"]
[Result "1-0"]

1. e4 Nc6 2. Nc3 Nf6 3. d4 d5 4. exd5 Nxd5 5. Nf3 Bg4 6. Be2 
e6 7. O-O Nxc3 8. bxc3 Be7 9. N@e5 Nxe5 10. Nxe5 Bxe2 11. Qxe2 P@f6 
12. Nxf7 Kxf7 13. P@f5 B@d7 14. B@h5+ g6 15. N@h6+ Kg7 16. fxe6 Bc6 17. P@e4 
gxh5 18. Nf7 Qg8 19. Bh6+ Kg6 20. P@f5# 
{SuperGrover checkmated} 1-0

[Event "fics rated crazyhouse match"]
[Site "fics, Oklahoma City, OK USA"]
[Date "2001.01.22"]
[White "SuperGrover"]
[WhiteElo "2221"]
[Black "pminear"]
[BlackElo "2539"]
[TimeControl "60+0"]
[Result "0-1"]

1. Nf3 Nc6 2. Nc3 e5 3. e4 Bc5 4. Bc4 Nf6 5. Bxf7+ Kxf7 6. d3 
B@g4 7. h3 Bxf3 8. Qxf3 Nd4 9. B@h5+ Kf8 10. Qd1 Nxh5 11. Qxh5 Nxc2+ 
12. Kd2 B@h6+ 13. Kxc2 N@d4+ 14. Kd1 P@c2+ 15. Ke1 Bxc1 16. Rxc1 B@g6 17. P@h6 
Bxh5 18. hxg7+ Kxg7 19. P@h6+ Kxh6 20. N@g4+ Kg7 21. B@h6+ Kg8 22. N@f6+ Kf7 
23. Nxh5 d6 24. B@f5 Nxf5 25. exf5 Bxf5 26. N@g5+ Ke7 27. Nd5+ Kd7 28. Ngf6+ 
Kc8 29. Rxc2 Q@b1+ 30. Ke2 Qxc2+ 31. Kf3 Qxd3+ 32. Ne3 B@e2# 
{SuperGrover forfeits on time} 0-1

[Event "fics rated crazyhouse match"]
[Site "fics, Oklahoma City, OK USA"]
[Date "2001.01.22"]
[White "pminear"]
[WhiteElo "2541"]
[Black "SuperGrover"]
[BlackElo "2215"]
[TimeControl "60+0"]
[Result "1-0"]

1. e4 Nc6 2. Nc3 Nf6 3. d4 d5 4. exd5 Nxd5 5. Nf3 Bg4 6. Be2 
e6 7. O-O Nxc3 8. bxc3 Be7 9. N@e5 Nxe5 10. Nxe5 Bxe2 11. Qxe2 B@c6 
12. Nxc6 bxc6 13. N@e5 P@d7 14. P@h6 Bf6 15. B@h5 N@g6 16. Bxg6 hxg6 17. hxg7 
Bxg7 18. Nxf7 Kxf7 19. N@g5+ Kf8 20. B@a3+ P@d6 21. P@e5 N@f5 22. P@g4 Nh4 
23. exd6 cxd6 24. Bxd6+ B@e7 25. P@c7 Qe8 26. P@b7 Bxd6 27. bxa8=Q Bxh2+ 28. Kh1 
Qxa8 29. R@d8+ N@e8 30. Rxa8 Bxc7 31. Q@f7# 
{SuperGrover checkmated} 1-0

[Event "fics rated crazyhouse match"]
[Site "fics, Oklahoma City, OK USA"]
[Date "2001.01.22"]
[White "SuperGrover"]
[WhiteElo "2209"]
[Black "pminear"]
[BlackElo "2543"]
[TimeControl "60+0"]
[Result "0-1"]

1. Nf3 Nc6 2. Nc3 e5 3. e3 Nf6 4. Bb5 d6 5. d4 exd4 6. Nxd4 
Qe7 7. P@g5 Bd7 8. gxf6 gxf6 9. Nd5 Qd8 10. Nxc7+ Qxc7 11. Bd2 P@e6 
12. N@h5 P@g7 13. P@h6 Rg8 14. hxg7 Bxg7 15. Bxc6 Bxc6 16. Nxg7+ Rxg7 17. Nxc6 
bxc6 18. N@h5 Rg6 19. B@d3 P@f5 20. P@g7 N@g8 21. B@f8 B@g4 22. Nxf6+ Rxf6 
23. P@f3 N@h4 24. Rg1 Nxg2+ 25. Rxg2 N@h4 26. Rg3 Nxf3+ 27. Rxf3 Bxf3 28. Qxf3 
P@e4 29. Bxe4 fxe4 30. Qh5 R@g1+ 31. B@f1 N@f3+ 32. Ke2 B@c4# 
{SuperGrover forfeits on time} 0-1

[Event "fics rated crazyhouse match"]
[Site "fics, Oklahoma City, OK USA"]
[Date "2001.01.22"]
[White "pminear"]
[WhiteElo "2545"]
[Black "SuperGrover"]
[BlackElo "2204"]
[TimeControl "60+0"]
[Result "1-0"]

1. e4 Nc6 2. Nc3 Nf6 3. Nf3 d5 4. exd5 Nxd5 5. d4 Nxc3 6. bxc3 
Bg4 7. Be2 e5 8. d5 Bc5 9. N@e4 Bxf3 10. Bxf3 Bxf2+ 11. Nxf2 N@h4 
12. P@e6 Nxf3+ 13. Qxf3 O-O 14. exf7+ Rxf7 15. B@e6 B@g6 16. Bxf7+ Bxf7 17. P@e6 
Bxe6 18. dxe6 P@f4 19. N@f7 Kf8 20. Nxd8 B@g6 21. R@h8+ N@g8 22. Nxc6 bxc6 
23. B@b4+ P@d6 24. N@d7+ Ke7 25. Nxe5 N@d5 26. Q@d7+ Kf6 27. Neg4+ Kf5 28. Qe4+ 
Kg5 29. h4+ Kh5 30. Rxh7+ Bxh7 31. Qxh7# 
{SuperGrover forfeits on time} 1-0

[Event "fics rated crazyhouse match"]
[Site "fics, Oklahoma City, OK USA"]
[Date "2001.01.22"]
[White "SuperGrover"]
[WhiteElo "2199"]
[Black "pminear"]
[BlackElo "2547"]
[TimeControl "60+0"]
[Result "0-1"]

1. Nf3 Nc6 2. Nc3 e5 3. e4 Bc5 4. Bc4 Nf6 5. d3 O-O 6. O-O 
d6 7. Bg5 Be6 8. Nd5 Bxd5 9. exd5 Na5 10. B@h4 N@d7 11. Qe2 Nxc4 
12. dxc4 B@h5 13. N@g3 Bxf3 14. Qxf3 N@d4 15. Qd3 c6 16. Ne4 cxd5 17. Nxf6+ 
Nxf6 18. Bxf6 gxf6 19. N@h6+ Kh8 20. Qxd4 N@e2+ 21. Kh1 Nxd4 22. B@g7+ Kxg7 
23. N@f5+ Nxf5 24. Nxf5+ Kh8 25. cxd5 P@g7 26. P@h6 Rg8 27. N@e7 B@e4 28. f3 
B@h3 29. gxh3 Bxf3+ 30. Rxf3 P@g2+ 31. Kxg2 gxh6+ 32. P@g3 Q@e2+ 33. B@f2 N@f4+ 
34. Rxf4 exf4 35. N@g7 Rxg7 36. N@g6+ hxg6 37. Nxg6+ fxg6 38. Bxf6 P@f3+ 39. Kg1 
R@d1# 
{SuperGrover forfeits on time} 0-1

[Event "fics rated crazyhouse match"]
[Site "fics, Oklahoma City, OK USA"]
[Date "2001.01.22"]
[White "pminear"]
[WhiteElo "2549"]
[Black "SuperGrover"]
[BlackElo "2194"]
[TimeControl "60+0"]
[Result "1-0"]

1. e4 Nc6 2. Nf3 Nf6 3. Nc3 d5 4. e5 Ne4 5. Be2 Bg4 6. O-O 
e6 7. d4 Be7 8. Be3 h5 9. h3 Bxf3 10. Bxf3 N@f5 11. Nxe4 dxe4 
12. Bxe4 Ncxd4 13. Bxd4 Nxd4 14. P@g6 P@e2 15. gxf7+ Kxf7 16. B@g6+ Kf8 17. N@h7+ 
Rxh7 18. Bxh7 exf1=Q+ 19. Qxf1 N@e2+ 20. Kh2 B@f7 21. R@h8+ N@g8 22. N@g6+ Ke8 
23. Bxg8 Kd7 24. Bxf7 Qxh8 25. Bxe6+ Nxe6 26. Qxe2 P@d6 27. Nxh8 dxe5 28. P@c6+ 
bxc6 29. Bxc6+ Kxc6 30. P@d5+ Kb7 31. B@c6+ Kc8 
{SuperGrover resigns} 1-0

[Event "fics rated crazyhouse match"]
[Site "fics, Oklahoma City, OK USA"]
[Date "2001.01.22"]
[White "SuperGrover"]
[WhiteElo "2190"]
[Black "pminear"]
[BlackElo "2551"]
[TimeControl "60+0"]
[Result "0-1"]

1. Nf3 Nc6 2. Nc3 e5 3. e4 Be7 4. Bc4 Nf6 5. O-O O-O 6. d4 
d6 7. dxe5 dxe5 8. Qxd8 Bxd8 9. P@f5 P@f4 10. Bb5 Bd7 11. Bd2 Nd4 
12. Bxd7 Nxf3+ 13. gxf3 Nxd7 14. B@g2 N@h4 15. Bh3 Nxf3+ 16. Kh1 Nxd2 17. Rg1 
B@g5 18. Nd5 f3 19. N@e7+ Bdxe7 20. Nxe7+ Bxe7 21. Rxg7+ Kxg7 22. Rg1+ P@g6 
23. B@e3 B@f4 24. Bxd2 Rg8 25. P@h6+ Kf8 26. Bxf4 exf4 27. B@g7+ Ke8 28. f6 
B@g2+ 29. Bxg2 fxg2+ 30. Rxg2 Q@f1+ 31. Q@g1 Qxg1+ 32. Rxg1 B@f3+ 33. P@g2 N@g4 
34. Q@h4 Nxf2+ 35. Qxf2 Bxg2+ 36. Qxg2 Kd8 37. Qf2 Kc8 38. N@e6 Kb8 
{SuperGrover forfeits on time} 0-1

[Event "fics rated crazyhouse match"]
[Site "fics, Oklahoma City, OK USA"]
[Date "2001.01.22"]
[White "pminear"]
[WhiteElo "2553"]
[Black "SuperGrover"]
[BlackElo "2186"]
[TimeControl "60+0"]
[Result "1-0"]

1. e4 Nc6 2. Nc3 Nf6 3. d4 d5 4. exd5 Nxd5 5. Nf3 Nxc3 6. bxc3 
Bg4 7. Be2 e6 8. N@e5 Nxe5 9. Nxe5 Bxe2 10. Qxe2 N@h4 11. f3 B@c6 
12. B@g5 Be7 13. Bxe7 Qxe7 14. B@g5 B@f6 15. Bxf6 gxf6 16. N@g7+ Kd8 17. Nxc6+ 
bxc6 18. B@b7 Rb8 19. Bxc6 P@d7 20. P@e5 dxc6 21. exf6 Qxf6 22. B@g5 Nxg2+ 
23. Qxg2 P@e7 24. Bxf6 exf6 25. P@e7+ Kxe7 26. N@f5+ exf5 27. Nxf5+ Kd7 28. Q@e7+ 
Kc8 29. Nd6+ cxd6 30. P@d7+ Kb7 31. d8=Q+ Ka8 32. P@b7# 
{SuperGrover checkmated} 1-0

[Event "fics rated crazyhouse match"]
[Site "fics, Oklahoma City, OK USA"]
[Date "2001.01.22"]
[White "SuperGrover"]
[WhiteElo "2182"]
[Black "pminear"]
[BlackElo "2555"]
[TimeControl "60+0"]
[Result "0-1"]

1. Nf3 Nc6 2. Nc3 e5 3. e4 Be7 4. Bc4 Nf6 5. d3 O-O 6. Nd5 
Nxd5 7. exd5 Nd4 8. Nxe5 Bf6 9. Ng4 Re8+ 10. P@e3 d6 11. Nxf6+ Qxf6 
12. B@g3 N@f3+ 13. gxf3 Nxf3+ 14. Kf1 Bh3+ 15. Ke2 N@d4# 
{SuperGrover checkmated} 0-1

[Event "fics rated crazyhouse match"]
[Site "fics, Oklahoma City, OK USA"]
[Date "2001.01.22"]
[White "pminear"]
[WhiteElo "2557"]
[Black "SuperGrover"]
[BlackElo "2178"]
[TimeControl "60+0"]
[Result "1-0"]

1. e4 Nc6 2. Nc3 Nf6 3. d4 e6 4. e5 Nd5 5. Nxd5 exd5 6. Nf3 
d6 7. Bb5 Bg4 8. N@b4 Qd7 9. Nxd5 N@h4 10. Bxc6 bxc6 11. N@f6+ gxf6 
12. Nxf6+ Kd8 13. Nxd7 Nxg2+ 14. Kf1 B@h3 15. Kg1 N@f4 16. Nf6 Be7 17. P@b7 
Rb8 18. P@g7 Re8 19. Nxe8 P@e2 20. Bxf4 exd1=Q+ 21. Rxd1 Nxf4 22. R@c8+ Rxc8 
23. bxc8=Q+ Bxc8 24. P@g2 Bxg2 25. h3 Bxh1 26. R@g3 R@g2+ 27. Rxg2 Bxg2 28. N@g3 
P@h2+ 29. Kxh2 R@f1 30. Rxf1 Bxf1 31. R@g1 R@g2+ 32. Rxg2 Bxg2 33. g8=Q R@f8 
34. Qxf8 Bgxh3 35. Nf6+ Bxf8 36. Q@e8# 
{SuperGrover checkmated} 1-0

[Event "fics rated crazyhouse match"]
[Site "fics, Oklahoma City, OK USA"]
[Date "2001.01.22"]
[White "SuperGrover"]
[WhiteElo "2174"]
[Black "pminear"]
[BlackElo "2559"]
[TimeControl "60+0"]
[Result "0-1"]

1. Nf3 Nc6 2. Nc3 e5 3. e4 Be7 4. Bc4 d6 5. d4 exd4 6. Nxd4 
P@h3 7. Nxc6 bxc6 8. Bxf7+ Kxf7 9. P@f5 hxg2 10. P@e6+ Kf8 11. Rg1 N@e5 
12. Rxg2 B@f3 13. P@h6 Nxh6 14. Bxh6 gxh6 15. N@f4 Bxd1 16. N@g6+ hxg6 17. Nxg6+ 
Nxg6 18. P@g7+ Kxg7 19. Rxg6+ Kh7 20. Kxd1 B@h5+ 21. B@e2 Q@f1+ 22. N@e1 Bxe2+ 
23. Nxe2 B@f3 24. B@d3 N@a4 25. Kd2 Qxf2 26. Rxh6+ Kxh6 27. c3 Bg5# 
{SuperGrover resigns} 0-1

[Event "fics rated crazyhouse match"]
[Site "fics, Oklahoma City, OK USA"]
[Date "2001.01.22"]
[White "pminear"]
[WhiteElo "2561"]
[Black "SuperGrover"]
[BlackElo "2171"]
[TimeControl "60+0"]
[Result "1-0"]

1. e4 Nc6 2. Nc3 Nf6 3. d4 d5 4. exd5 Nxd5 5. Nf3 Nxc3 6. bxc3 
Bg4 7. Be2 e5 8. d5 Bc5 9. N@e4 Bxf2+ 10. Nxf2 Bxf3 11. Bxf3 N@h4 
12. dxc6 Nxf3+ 13. Qxf3 B@d5 14. P@d7+ Kf8 15. Qxd5 P@e6 16. Qxe5 P@f6 17. B@a3+ 
N@e7 18. Qg3 bxc6 19. P@h6 Rg8 
{SuperGrover resigns} 1-0

[Event "fics rated crazyhouse match"]
[Site "fics, Oklahoma City, OK USA"]
[Date "2001.01.22"]
[White "SuperGrover"]
[WhiteElo "2168"]
[Black "pminear"]
[BlackElo "2563"]
[TimeControl "60+0"]
[Result "1-0"]

1. Nf3 Nc6 2. Nc3 e5 3. e3 Be7 4. Bb5 Nf6 5. Bxc6 dxc6 6. Nxe5 
O-O 7. d4 B@h5 8. P@f3 Bd6 9. N@f4 Bxe5 10. dxe5 Qxd1+ 11. Nxd1 N@h4 
12. exf6 gxf6 13. N@h6+ Kh8 14. B@g7+ Kxg7 15. Nxh5+ Kxh6 16. Q@g7+ Kxh5 17. g4+ 
Bxg4 18. fxg4# 
{pminear checkmated} 1-0

[Event "fics rated crazyhouse match"]
[Site "fics, Oklahoma City, OK USA"]
[Date "2001.01.22"]
[White "pminear"]
[WhiteElo "2549"]
[Black "SuperGrover"]
[BlackElo "2198"]
[TimeControl "60+0"]
[Result "1-0"]

1. e4 Nc6 2. Nc3 Nf6 3. d4 d5 4. exd5 Nxd5 5. Nf3 Nxc3 6. bxc3 
Bg4 7. Be2 e5 8. d5 e4 9. dxc6 Qxd1+ 10. Bxd1 exf3 11. P@d7+ Bxd7 
12. cxd7+ Kxd7 13. N@e5+ Ke7 14. Bg5+ Ke6 15. Bxf3 P@d2+ 16. Bxd2 Q@d6 17. B@d7+ 
Ke7 18. N@f5+ Kd8 19. Q@e8# 
{SuperGrover checkmated} 1-0

[Event "fics rated crazyhouse match"]
[Site "fics, Oklahoma City, OK USA"]
[Date "2001.01.22"]
[White "SuperGrover"]
[WhiteElo "2194"]
[Black "pminear"]
[BlackElo "2551"]
[TimeControl "60+0"]
[Result "0-1"]

1. Nf3 Nc6 2. Nc3 e5 3. e3 d5 4. Bb5 e4 5. Ne5 Qg5 6. Nxc6 
Qxg2 7. Nxa7+ c6 8. Rf1 Rxa7 9. P@e2 Bh3 10. N@g3 Qxf1# 
{SuperGrover resigns} 0-1

[Event "fics rated crazyhouse match"]
[Site "fics, Oklahoma City, OK USA"]
[Date "2001.01.22"]
[White "pminear"]
[WhiteElo "2553"]
[Black "SuperGrover"]
[BlackElo "2190"]
[TimeControl "60+0"]
[Result "1-0"]

1. e4 Nc6 2. Nc3 Nf6 3. d4 d5 4. exd5 Nxd5 5. Nf3 Bg4 6. Be2 
Nxc3 7. bxc3 e5 8. d5 e4 9. dxc6 bxc6 10. Nd4 P@f3 11. gxf3 N@g2+ 
12. Kf1 exf3 13. Bxf3 Bxf3 14. Qxf3 B@d5 15. P@e4 P@e2+ 16. Kxe2 Nh4 17. Qe3 
Bc5 18. exd5+ P@e6 19. dxe6 O-O 20. exf7+ Rxf7 21. B@e6 P@f3+ 22. Kd2 Bxd4 
23. Bxf7+ Kh8 24. cxd4 N@f6 25. Bc4 
{SuperGrover resigns} 1-0

[Event "fics rated crazyhouse match"]
[Site "fics, Oklahoma City, OK USA"]
[Date "2001.01.22"]
[White "SuperGrover"]
[WhiteElo "2184"]
[Black "pminear"]
[BlackElo "2557"]
[TimeControl "60+0"]
[Result "0-1"]

1. Nf3 Nc6 2. Nc3 e5 3. e3 Nf6 4. Bb5 d6 5. O-O Bd7 6. d3 
Be7 7. Ng5 O-O 8. f4 exf4 9. exf4 Nd4 10. Bxd7 Qxd7 11. P@e3 Ne6 
12. Bd2 B@h5 13. B@e2 Bxe2 14. Qxe2 B@h5 15. B@f3 Bxf3 16. gxf3 Nxg5 17. fxg5 
N@h3+ 18. Kh1 Nxg5 19. B@g2 P@h3 20. Rg1 hxg2+ 21. Rxg2 Nxf3 22. Qxf3 P@g4 
23. Rxg4 Qxg4 24. P@g2 Qxf3 25. gxf3 P@h3 26. Q@g3 B@g2+ 27. Kg1 Q@h1+ 28. Kf2 
R@f1+ 29. Ke2 Bxf3# 
{SuperGrover resigns} 0-1

[Event "fics rated crazyhouse match"]
[Site "fics, Oklahoma City, OK USA"]
[Date "2001.01.22"]
[White "pminear"]
[WhiteElo "2559"]
[Black "SuperGrover"]
[BlackElo "2181"]
[TimeControl "60+0"]
[Result "1-0"]

1. e4 Nc6 2. Nc3 Nf6 3. d4 d5 4. exd5 Nxd5 5. Nf3 Bg4 6. Be2 
e6 7. O-O Be7 8. Nxd5 exd5 9. N@e5 Bxf3 10. Bxf3 O-O 11. P@h6 Bf6 
12. hxg7 Bxg7 13. Bxd5 Qxd5 14. Nxc6 N@h3+ 15. Kh1 Qxg2+ 16. Kxg2 N@f4+ 17. Bxf4 
Nxf4+ 18. Kf3 B@h5+ 19. Kxf4 Bxd1 20. N@f6+ Kh8 21. N@g6+ fxg6 22. Q@g8# 
{SuperGrover resigns} 1-0

[Event "fics rated crazyhouse match"]
[Site "fics, Oklahoma City, OK USA"]
[Date "2001.01.22"]
[White "SuperGrover"]
[WhiteElo "2178"]
[Black "pminear"]
[BlackElo "2561"]
[TimeControl "60+0"]
[Result "0-1"]

1. Nf3 Nc6 2. Nc3 e5 3. e4 Be7 4. Bc4 Nf6 5. d4 exd4 6. Nxd4 
Nxd4 7. Qxd4 O-O 8. P@h6 P@h3 9. hxg7 hxg2 10. Rg1 N@f3+ 11. Kd1 Nxd4 
12. gxf8=Q+ Qxf8 13. Rxg2+ P@g4 14. P@h6 Q@f3+ 15. N@e2 Nxe2 16. Bxe2 Qxg2 17. R@h8+ 
Kxh8 18. P@g7+ Qxg7 19. hxg7+ Kxg7 20. N@f5+ Kf8 21. Bh6+ Ke8 22. Ng7+ Kd8 
23. Q@h8+ R@f8 24. Qxf8+ Bxf8 25. Ne6+ dxe6 26. R@e1 R@d6+ 27. Kc1 Bxh6# 
{SuperGrover forfeits on time} 0-1

[Event "fics rated crazyhouse match"]
[Site "fics, Oklahoma City, OK USA"]
[Date "2001.01.22"]
[White "pminear"]
[WhiteElo "2563"]
[Black "SuperGrover"]
[BlackElo "2175"]
[TimeControl "60+0"]
[Result "1-0"]

1. e4 Nc6 2. Nc3 Nf6 3. d4 d6 4. d5 Ne5 5. Nf3 e6 6. Nxe5 
dxe5 7. Bb5+ Bd7 8. Bc4 Bc5 9. O-O O-O 10. Bg5 N@f4 11. Bxf4 exf4 
12. N@d3 B@b6 13. Nxc5 Bxc5 14. B@h4 N@g6 15. Bxf6 Qxf6 16. N@g4 Qg5 17. dxe6 
Bxe6 18. Bxe6 fxe6 19. B@c4 P@g3 20. Bxe6+ Kh8 21. N@f7+ Rxf7 22. Bxf7 gxf2+ 
23. Kh1 P@h3 24. Qf3 N@h4 25. Bxg6 hxg2+ 26. Qxg2 Qxg6 27. N@e5 Qg5 28. Nf7+ 
Kg8 29. Nxg5 Nxg2 30. P@f7+ Kf8 31. R@e8+ Rxe8 32. fxe8=Q+ Kxe8 33. Q@f7+ Kd8 
34. R@e8# 
{SuperGrover checkmated} 1-0